Map: Prion Terraces

Players

JuanDi - Winner!

  • Race: Zerg Zerg
  • League: Diamond

LilDicky

  • Race: Terran Terran
  • League: Diamond

VOD

http://www.twitch.tv/tumescentpie

Description

Time

  • Played on: Dec. 8, 2015, 5:47 a.m.
  • Length: 5:17
Show
View Real Time Build Order
Export as new Build Order

JuanDi Zerg - Winner!

Build Orders: 3 Hatch before Pool 

Get SALT Encoding   

  12  0:01  Drone  
  13  0:12  Overlord  
  13  0:17  Drone  
  14  0:31  Drone  
  14  0:32  Drone  
  16  0:35  Drone  
  17  0:49  Drone  
  18  0:57  Hatchery  
  18  1:03  Drone  
  18  1:10  Drone  
  19  1:23  Hatchery  
  18  1:35  Spawning Pool  
  18  1:39  Drone, Extractor  
  17  1:42  Drone  
  17  1:46  Drone  
  19  1:51  Drone  
  20  2:01  Overlord  
  20  2:11  Drone  
  21  2:15  Drone  
  22  2:23  Queen x2  
  22  2:25  Zergling x2  
  22  2:27  Zergling x2  
  28  2:34  Drone x2  
  30  2:40  Queen  
  32  2:45  Metabolic Boost  
  32  2:51  Drone x2  
  34  2:56  Drone  
  35  2:59  Drone  
  35  3:00  Drone x2  
  38  3:10  Drone x2  
  38  3:11  Drone x2  
  42  3:29  Extractor  
  42  3:31  Queen  
  42  3:32  Baneling Nest  
  42  3:35  Overlord x3  
  42  3:40  Extractor  
  41  3:43  Zergling x2  
  41  3:45  Overlord  
  42  3:53  Zergling x12, Queen  
  42  3:54  Zergling x6  
  53  3:59  Zergling x2  
  53  4:00  Zergling x4  
  56  4:05  Zergling x2  
  56  4:06  Zergling x4  
  59  4:14  Zergling x8  
  63  4:21  Overlord  
  63  4:23  Zergling x6  
  66  4:28  Spore Crawler  
  66  4:30  Spore Crawler  
  64  4:33  Spore Crawler  
  63  4:44  Zergling x2  
  63  4:45  Zergling x10  
  66  4:56  Zergling x10  
Show
View Real Time Build Order
Export as new Build Order

LilDicky Terran 

Build Orders: Liberator Opening 

Get SALT Encoding   

  12  0:01  SCV  
  13  0:13  SCV  
  14  0:18  Supply Depot  
  14  0:25  SCV  
  15  0:28  Refinery  
  15  0:39  SCV  
  16  0:45  Barracks  
  16  0:51  SCV  
  17  1:03  SCV  
  18  1:16  SCV  
  19  1:19  Refinery  
  19  1:32  Supply Depot, Orbital Command  
  19  1:33  Marine  
  20  1:45  Factory  
  20  1:57  Barracks Reactor  
  20  2:00  SCV  
  21  2:12  SCV  
  22  2:24  SCV  
  22  2:28  Armory  
  23  2:31  Factory Tech Lab, Starport  
  23  2:34  Marine x2  
  23  2:36  SCV  
  26  2:41  Supply Depot  
  26  2:48  SCV  
  27  2:52  Marine x2  
  29  3:01  SCV  
  30  3:16  Thor  
  38  3:28  Supply Depot  
  38  3:32  Medivac  
  38  3:34  Marine  
  39  3:45  Liberator  
  39  3:46  Supply Depot  
  39  3:50  SCV, Marine  
  39  3:52  Marine  
  42  4:02  SCV  
  43  4:06  Supply Depot  
  43  4:08  Marine  
  47  4:10  Marine  
  47  4:16  Siege Tank  
  51  4:20  SCV  
  52  4:25  Marine  
  52  4:27  Marine  
Tags
 
Add a new tag
Caveats
  • Supply blocks, unpowered buildings, or Contaminate may cause inaccurate times.
  • Supply counts are checked every 10 seconds.